 Dungeon Crawl Stone Soup version 0.31-a0-1591-g515db51633 (webtiles) character file.

Game seed: 18095157587087852896

155 lessens the Grave Robber (level 5, 0/55 HPs)
             Began as a Gnoll Necromancer on Jan 6, 2024.
             Was an Initiate of Gozag.
             Succumbed to an adder's poison
             ... on level 3 of the Dungeon.
             The game lasted 00:04:02 (2829 turns).

lessens the Grave Robber (Gnoll Necromancer)        Turns: 2829, Time: 00:04:03

Health: 0/55       AC: 22    Str:  7    XL:     5   Next: 37%
Magic:  21/21      EV:  2    Int: 15    God:    Gozag
Gold:   103        SH:  0    Dex: 14    Spells: 13/14 levels left

rFire   . . .        o - +0 dagger (venom)
rCold   . . .        (no shield)
rNeg    . . .        a - melded +0 robe
rPois   +            (helmet currently unavailable)
rElec   .            (cloak currently unavailable)
rCorr   .            (gloves currently unavailable)
SInv    .            (boots currently unavailable)
Will    .....        (no amulet)
Stlth   +++          e - ring of magical power
HPRegen 0.29/turn    (no ring)
MPRegen 0.17/turn

%: no passive effects
@: brilliant, lethally poisoned (0 -> -4), tree-form, gold aura, studying Ranged
Weapons
A: stationary, stasis, torment immunity, boosted hp, (fangs 1), strong nose,
distributed training
a: Renounce Religion, Potion Petition, Call Merchant, Bribe Branch


You were on level 3 of the Dungeon.
You worshipped Gozag.
Gozag was aware of your devotion.
You were a tree.
You visited 1 branch of the dungeon, and saw 3 of its levels.

You collected 122 gold pieces.
You paid 19 gold pieces to Gozag.

Inventory:

Hand Weapons
 f - a +0 long sword
 o - a +0 dagger of venom (weapon)
Missiles
 c - 47 stones
 h - 6 poisoned darts
 s - 2 boomerangs
 t - 4 silver javelins (quivered)
Armour
 a - a +0 robe (melded)
 k - a +0 scale mail
Jewellery
 e - a ring of magical power (left branch)
Scrolls
 d - 2 scrolls of identify {unknown}
 i - a scroll of amnesia {unknown}
 j - a scroll of silence {unknown}
 m - a scroll of torment {unknown}
 n - a scroll of enchant weapon {unknown}
 p - 2 scrolls of teleportation {unknown}
 q - a scroll of poison {unknown}
 r - a scroll of blinking {unknown}
Potions
 b - 2 potions of magic


   Skills:
 + Level 1.5 Fighting
 + Level 1.5 Short Blades
 + Level 1.5 Long Blades
 + Level 1.5 Axes
 + Level 1.5 Maces & Flails
 + Level 1.5 Polearms
 + Level 1.5 Staves
 + Level 2.2 Ranged Weapons
 + Level 1.5 Throwing
 + Level 1.5 Armour
 + Level 4.8 Dodging
 + Level 4.4 Stealth
 + Level 1.5 Shields
 + Level 1.5 Unarmed Combat
 + Level 5.2 Spellcasting
 + Level 1.2 Conjurations
 + Level 1.2 Hexes
 + Level 1.2 Summonings
 + Level 7.2 Necromancy
 + Level 1.2 Translocations
 + Level 1.2 Fire Magic
 + Level 1.2 Ice Magic
 + Level 1.2 Air Magic
 + Level 1.2 Earth Magic
 + Level 1.2 Alchemy
 + Level 1.7 Invocations
 + Level 1.5 Evocations
 + Level 1.4 Shapeshifting


You had 13 spell levels left.
You knew the following spells:

 Your Spells              Type           Power      Damage    Failure   Level
a - Necrotise             Necr           100%       1d9       1%          1

Your spell library contained the following spells:

 Spells                   Type           Power      Damage    Failure   Level
 Vampiric Draining        Necr           38%        2d8       2%          3
 Static Discharge         Conj/Air       22%        3-4/arc   14%         2
 Curse of Agony           Necr           38%        N/A       22%         5
 Airstrike                Air            5%         2d(1-17)  67%         4
 Summon Lightning Spire   Summ/Air       11%        N/A       67%         4
 Animate Dead             Necr           Unusable   N/A       N/A         4

Dungeon Overview and Level Annotations

Branches:
Dungeon (3/15) Zot: 15172

Altars:
Gozag


Innate Abilities, Weirdness & Mutations

You are a tree.
Your roots penetrate the ground, keeping you stationary.
You cannot be teleported.
You are immune to unholy pain and torment.
Your maximum health is greatly increased.
Your equipment is partially melded.
((You have very sharp teeth.))
Your uncanny sense of smell can sniff out nearby items.
Your experience applies equally to all skills.


Message History

The adder is lightly wounded.
You feel sick. The adder bites you.
* * * LOW HITPOINT WARNING * * *
You are more poisoned.
The adder poisons you!
You hit the adder. Your bite misses the adder.
The adder is heavily wounded.
You feel sick. The adder bites you.
* * * LOW HITPOINT WARNING * * *
You are more poisoned.
The adder poisons you!
It was a potion of brilliance.
You feel clever all of a sudden.
* * * LOW HITPOINT WARNING * * *
You feel very sick. The adder closely misses you. The adder barely misses you.
It was a potion of lignification.
You turn into a tree.
Your +0 robe melds into your body.
Your roots penetrate the ground.
* * * LOW HITPOINT WARNING * * *
You feel very sick. The adder bites you but does no damage.
You hit the adder but do no damage.
The adder looks even sicker.
The adder is almost dead.
* * * LOW HITPOINT WARNING * * *
You feel sick. The adder bites you but does no damage.
You hit the adder.
You kill the adder!
* * * LOW HITPOINT WARNING * * *
You feel sick.
You aren't carrying any items that you can evoke.
Throw: 5 javelins (silver)
Press: ? - help, Q - select action, (/) - cycle Shift-Dir - straight line, f - ball python, p - sleepcap
Aim: a ball python (severely wounded, poisoned, 50% to hit)
You throw a silver javelin.
The silver javelin pierces through the sleepcap but does no damage.
The sleepcap is moderately damaged.
The silver javelin pierces through the ball python!
You kill the ball python!
You die...
Your body crumbles into a pile of gold.

....###....#
...........#
....###...## ∆
....###...#### .
....##.......# ..
....##.......# ...
....##.......# ....
######.......#####
.....
#..........♣###..$...
#..........#f$....^..
###.#......#.........
#.#..######.P......
#....# #.P...(..
###..# #....#### #P..
.#..## #P.~. . ..#
#..P⌠ . .P#


You could see a sleepcap.

Vanquished Creatures
  A jelly (D:3)
  An orc wizard (D:3)
  3 adders (D:3)
  8 orcs (D:3)
  7 bats
  2 endoplasms (D:3)
  6 giant cockroaches
  4 goblins
  8 hobgoblins
  6 kobolds
  A quokka (D:1)
  8 ball pythons
  2 frilled lizards (D:1)
  6 rats
63 creatures vanquished.

Vanquished Creatures (collateral kills)
  A dart slug (D:1)
1 creature vanquished.

Grand Total: 64 creatures vanquished

Notes
Turn   | Place    | Note
-------+----------+-------------------------------------------
     0 | D:1      | lessens the Gnoll Necromancer began the quest for the Orb.
     0 | D:1      | Reached XP level 1. HP: 13/13 MP: 6/6
   171 | D:1      | Reached XP level 2. HP: 12/19 MP: 0/7
  1021 | D:1      | Reached skill level 5 in Spellcasting
  1021 | D:1      | Reached XP level 3. HP: 25/25 MP: 9/9
  1543 | D:2      | Reached skill level 1 in Ranged Weapons
  1543 | D:2      | Reached skill level 1 in Invocations
  2031 | D:2      | Reached skill level 1 in Fighting
  2031 | D:2      | Reached skill level 1 in Short Blades
  2031 | D:2      | Reached skill level 1 in Long Blades
  2031 | D:2      | Reached skill level 1 in Axes
  2031 | D:2      | Reached skill level 1 in Maces & Flails
  2031 | D:2      | Reached skill level 1 in Polearms
  2031 | D:2      | Reached skill level 1 in Staves
  2031 | D:2      | Reached skill level 1 in Throwing
  2031 | D:2      | Reached skill level 1 in Armour
  2031 | D:2      | Reached skill level 1 in Shields
  2031 | D:2      | Reached skill level 1 in Unarmed Combat
  2031 | D:2      | Reached skill level 1 in Evocations
  2235 | D:3      | Found an opulent altar of Gozag.
  2271 | D:3      | Reached skill level 1 in Conjurations
  2271 | D:3      | Reached skill level 1 in Hexes
  2271 | D:3      | Reached skill level 1 in Summonings
  2271 | D:3      | Reached skill level 1 in Translocations
  2271 | D:3      | Reached skill level 1 in Fire Magic
  2271 | D:3      | Reached skill level 1 in Ice Magic
  2271 | D:3      | Reached skill level 1 in Air Magic
  2271 | D:3      | Reached skill level 1 in Earth Magic
  2271 | D:3      | Reached skill level 1 in Alchemy
  2271 | D:3      | Reached skill level 1 in Shapeshifting
  2271 | D:3      | Reached XP level 4. HP: 19/32 MP: 11/11
  2274 | D:3      | Became a worshipper of Gozag Ym Sagoz the Greedy
  2729 | D:3      | Reached XP level 5. HP: 37/37 MP: 12/12
  2827 | D:3      | HP: 2/55 [poisoned by an adder]
  2829 | D:3      | Succumbed to an adder's poison

Illustrated notes

Levels and vault maps discovered:
D:1:      roadster_arrival_rocket_large, layout_basic
D:2:      layout_loops_ring
D:3:      layout_basic, mainiacjoe_overflow_alcove_1,
          nicolae_gozag_seed_capital, shapermc_ecumenical_altar_mp_ritualfount

Skill      XL: |  1  2  3  4 |
---------------+-------------+-----
Spellcasting   | 5 |  5.2
Ranged Weapons | 1 2 |  2.2
Invocations    | 1 |  1.7
Fighting       | 1 |  1.5
Short Blades   | 1 |  1.5
Long Blades    | 1 |  1.5
Axes           | 1 |  1.5
Maces & Flails | 1 |  1.5
Polearms       | 1 |  1.5
Staves         | 1 |  1.5
Throwing       | 1 |  1.5
Armour         | 1 |  1.5
Shields        | 1 |  1.5
Unarmed Combat | 1 |  1.5
Evocations     | 1 |  1.5
Conjurations   | 1 |  1.2
Hexes          | 1 |  1.2
Summonings     | 1 |  1.2
Translocations | 1 |  1.2
Fire Magic     | 1 |  1.2
Ice Magic      | 1 |  1.2
Air Magic      | 1 |  1.2
Earth Magic    | 1 |  1.2
Alchemy        | 1 |  1.2
Shapeshifting  | 1 |  1.4
Dodging        | |  4.8
Stealth        | |  4.4
Necromancy     | |  7.2

Action                     |  1- 3 |  4- 6 || total
---------------------------+-------+-------++-------
  Melee: Dagger            |     8 |    44 ||    52
         Long sword        |     5 |       ||     5
         Bite              |     2 |     4 ||     6
         Punch             |       |     1 ||     1
  Throw: Javelin           |       |     5 ||     5
   Cast: Necrotise         |    71 |     9 ||    80
    Use: Potion            |       |     2 ||     2
 Armour: Robe              |    15 |    17 ||    32
         Skin              |       |     2 ||     2
  Dodge: Dodged            |    20 |    22 ||    42

Table legend: (Time is in decaauts)
 A = Elapsed time spent in this place.
 B = Non-inter-level travel time spent in this place.
 C = Inter-level travel time spent in this place.
 D = Time resting spent in this place.
 E = Time spent auto-exploring this place.
 F = Levels seen in this place.
 G = Mean time per level.
                   A        B        C        D        E       F      G
               +--------+--------+--------+--------+--------+-----+--------+
         Total |   2827 |   2718 |    109 |     72 |   2291 |   3 |  942.3 |
       Dungeon |   2827 |   2718 |    109 |     72 |   2291 |   3 |  942.3 |
               +--------+--------+--------+--------+--------+-----+--------+

Top non-repeatable levels by time:
     D:1: 1433 daAuts
     D:2: 759 daAuts
     D:3: 635 daAuts

Levels and vault maps discovered:
D:1:      roadster_arrival_rocket_large, layout_basic
D:2:      layout_loops_ring
D:3:      layout_basic, mainiacjoe_overflow_alcove_1,
          nicolae_gozag_seed_capital, shapermc_ecumenical_altar_mp_ritualfount
